 Dungeon Crawl Stone Soup version 0.28-a0-1334-g1c9ffb4daf (webtiles) character file.

Game seed: 1668913418264847047

119 Cheeritup the Skirmisher (level 4, -10/39 HPs)
             Began as a Palentonga Fighter on Dec 28, 2021.
             Killed by nerve-wracking pain
             ... invoked by an orc priest
              (12 damage)
             ... on level 3 of the Dungeon.
             The game lasted 00:09:00 (2511 turns).

Cheeritup the Skirmisher (Palentonga Fighter)       Turns: 2511, Time: 00:09:01

Health: -10/39     AC:  7    Str: 19    XL:     4   Next: 74%
Magic:  4/4        EV:  7    Int:  8    God:
Gold:   126        SH:  0    Dex: 12    Spells: 3/3 levels left

rFire   . . .      SeeInvis +   a - +0 long sword
rCold   . . .      Faith    .   (no shield)
rNeg    . . .      Spirit   .   b - +0 scale mail
rPois   .          Reflect  .   (no helmet)
rElec   .          Harm     .   (no cloak)
rCorr   .          Rampage  .   f - +0 pair of gloves
Will    .....                   (no barding)
Stlth   ..........              (no amulet)
HPRegen 0.13/turn               (no ring)
MPRegen 0.09/turn               (no ring)

@: no status effects
A: large, rugged brown scales 3, see invisible, deformed body, roll 1, armoured
tail
a: Rolling Charge


You were on level 3 of the Dungeon.
You visited 1 branch of the dungeon, and saw 3 of its levels.

You collected 126 gold pieces.

Inventory:

Hand Weapons
 a - a +0 long sword (weapon)
Armour
 b - a +0 scale mail (worn)
 c - a +0 buckler
 f - a +0 pair of gloves (worn)
Scrolls
 i - a scroll of immolation {unknown}
 j - a scroll of identify {unknown}
 k - 3 scrolls of fog {unknown}
Potions
 d - 2 potions of might
 e - a potion of degeneration {unknown}
 g - a potion of haste
 h - a potion of heal wounds {unknown}
 l - a potion of curing {unknown}


   Skills:
 * Level 4.1 Fighting
 * Level 3.5 Long Blades
 - Level 2.4 Armour
 + Level 3.0 Shields


You had 3 spell levels left.
You didn't know any spells.
Your spell library contained the following spells:

 Spells                   Type           Power      Damage    Failure   Level
 Ignite Poison            Fire/Tmut/Pois 0%         N/A       98%         3
 Mephitic Cloud           Conj/Pois/Air  0%         N/A       98%         3
 Freezing Cloud           Conj/Ice/Air   0%         6-21      100%        5


Dungeon Overview and Level Annotations

Branches:
Dungeon (3/15)

Altars:


Innate Abilities, Weirdness & Mutations

You are completely covered in rugged brown scales. (AC +3, +7% HP)
You have supernaturally acute eyesight. (SInv)
Armour fits poorly on your strangely shaped body.
You can roll at nearby foes to attack.
You have a long armoured tail.


Message History

The orc hits you but does no damage. x2
The orc priest begins to cast a cantrip, but forgets the words!
You hear a shout!
You hit the orc.
The orc is severely wounded.
The orc hits you with a +0 dagger.
The orc priest hits you but does no damage.
You slash the orc!
You kill the orc!
The orc priest invokes the aid of Beogh against you.
Pain shoots through your body!
Your Fighting skill increases to level 4!
You slash the orc priest!
The orc priest is severely wounded.
The orc priest invokes the aid of Beogh against you.
Beogh smites you!
* * * LOW HITPOINT WARNING * * *
You hit the orc priest.
The orc priest is severely wounded.
The orc priest looks braver for a moment.
The orc priest invokes the aid of Beogh against you.
Beogh smites you!
* * * LOW HITPOINT WARNING * * *
You slash the orc priest!
You kill the orc priest!
Your Shields skill increases to level 3!
The orc priest casts a cantrip, but nothing happens.
You open the door.
Found a stone staircase leading down.
There is an open door here.
The orc priest calls down the wrath of Beogh upon you.
Pain shoots through your body!
* * * LOW HITPOINT WARNING * * *
You open the door.
The orc priest casts a cantrip, but nothing happens.
There is an open door here.
The orc priest looks encouraged for a moment.
The orc priest calls down the wrath of Beogh upon you.
Pain shoots through your body!
You die...

##############
..##.........#
#.##.........#
#.##.).......#### ##
###.##............###.
#.###....@.........##.)...
#.......##............###.
.# #####.####.........####
#. .# #.# #.........#
####. .# #.# #...o.....#
#.... .....
##.########.##### #.##.
.##.# #..<..# #.# #.##.
.##.# ####..##.# #.# #.##.
.##.# #.....##.# ##'##
#.##.


You could see an orc priest.

Vanquished Creatures
  An orc priest (D:3)
  A gnoll (D:1)
  2 adders (D:3)
  A worm (D:2)
  2 dart slugs (D:1)
  An orc (D:3)
  2 endoplasms (D:1)
  3 giant cockroaches
  11 goblins
  2 hobgoblins (D:2)
  2 quokkas (D:2)
  7 ball pythons (D:1)
  9 bats
  7 frilled lizards
  3 kobolds
  4 rats (D:2)
58 creatures vanquished.

Notes
Turn   | Place    | Note
-------+----------+-------------------------------------------
     0 | D:1      | Cheeritup the Palentonga Fighter began the quest for the
                  | Orb.
     0 | D:1      | Reached XP level 1. HP: 19/19 MP: 1/1
   364 | D:1      | Reached XP level 2. HP: 25/25 MP: 2/2
   680 | D:1      | Reached XP level 3. HP: 31/31 MP: 3/3
   825 | D:1      | Found a faded altar of an unknown god.
  2095 | D:3      | Reached XP level 4. HP: 16/39 MP: 4/4
  2491 | D:3      | Reached skill level 4 in Fighting
  2492 | D:3      | HP: 1/39 [orc priest/divine providence (10)]
  2499 | D:3      | HP: 1/39 [orc priest/nerve-wracking pain (1)]
  2511 | D:3      | Killed from afar by an orc priest

Illustrated notes

Levels and vault maps discovered:
D:1:      ncdulo_halloftheorcs, layout_basic,
          shapermc_ecumenical_altar_hornbeckon, minmay_misc_feat_rugged,
          minmay_tripent
D:2:      minmay_skewed_foursquare, layout_basic, hex_tiny
D:3:      layout_loops_corners

Skill      XL: |  1  2  3  4 |
---------------+-------------+-----
Long Blades    | 3 |  3.5
Fighting       | 4 |  4.1
Shields        | 3 |  3.0
Armour         | |  2.4

Action                   |  1- 3 |  4- 6 || total
-------------------------+-------+-------++-------
Melee: Long sword        |   145 |    21 ||   166
       Tailslap          |    11 |     1 ||    12
 Abil: Rolling Charge    |    22 |     5 ||    27
Armor: Scale mail        |    83 |     9 ||    92
Dodge: Dodged            |    52 |     1 ||    53
Block: Buckler           |    22 |       ||    22

Table legend: (Time is in decaauts)
 A = Elapsed time spent in this place.
 B = Non-inter-level travel time spent in this place.
 C = Inter-level travel time spent in this place.
 D = Time resting spent in this place.
 E = Time spent auto-exploring this place.
 F = Levels seen in this place.
 G = Mean time per level.
                   A        B        C        D        E       F      G
               +--------+--------+--------+--------+--------+-----+--------+
         Total |   2559 |   2524 |     35 |    340 |   1746 |   3 |  853.0 |
       Dungeon |   2559 |   2524 |     35 |    340 |   1746 |   3 |  853.0 |
               +--------+--------+--------+--------+--------+-----+--------+

Top non-repeatable levels by time:
     D:2: 1069 daAuts
     D:1: 1055 daAuts
     D:3: 434 daAuts
